 Dungeon Sprint DCSS version 0.18-b1-16-g289874d (webtiles) character file.

4849 otab the Bludgeoner (level 10, -6/111 HPs)
             Began as an Ogre Gladiator on May 1, 2016.
             Was the Champion of the Shining One.
             Shot with an arrow by a deep elf master archer (10 damage)
             ... in the Dungeon (Sprint V: "Ziggurat Sprint").
             The game lasted 00:04:13 (1029 turns).

otab the Bludgeoner (Ogre Gladiator)                Turns: 1029, Time: 00:04:14

Health: -6/111     AC: 26    Str: 22    XL:     10   Next: 49%
Magic:  9/16       EV:  6    Int:  4    God:    the Shining One [******]
Gold:   0          SH: 16    Dex: 19    Spells: 0 memorised, 9 levels left

rFire  + + .     SeeInvis .     M - +10 dark maul {crush}
rCold  + + .     Gourm    .     a - +9 armour of the Dragon King {rPois rF+ rC+ MR+}
rNeg   + + +     Faith    .     (shield currently unavailable)
rPois  +         Spirit   .     c - +0 hat
rElec  .         Dismiss  .     (no cloak)
rCorr  .         Reflect  +     (gloves unavailable)
SustAt .         Harm     .     (boots unavailable)
MR     ++...     NoTele   +     b - brooch of Shielding {Reflect SH+8}
Stlth  ..........               I - ring "Doffeh" {rPois rF+ rC+ Int-3 Slay+2}
                                G - +6 ring of dexterity

@: divine shield, glowing, very resistant to hostile enchantments, extremely
unstealthy
A: unfitting armour, tough skin 1
a: Divine Shield, Cleansing Flame, Summon Divine Warrior, Renounce Religion


You were in the Dungeon.
You worshipped the Shining One.
The Shining One was exalted by your worship.
You were very hungry.

You visited 1 branch

Inventory:

Hand Weapons
 d - the +8 frozen axe "Frostbite" {freezing cloud, *Noise +Fly rC+}
   (You found it in the Dungeon)

   It has been specially enchanted to freeze those struck by it, causing extra
   injury to most foes and up to half again as much damage against particularly
   susceptible opponents.
   It can also slow down cold-blooded creatures.
   It protects you from cold.
   It lets you fly.
   It may make noises in combat.
 B - a +7 giant spiked club of holy wrath
 M - the +10 dark maul (weapon) {crush}
   (You found it in the Dungeon)

   It inflicts extra damage upon your enemies.
Armour
 a - the +9 armour of the Dragon King (worn) {rPois rF+ rC+ MR+}
   (You found it in the Dungeon)

   It protects you from fire.
   It protects you from cold.
   It protects you from poison.
   It affects your resistance to hostile enchantments.
 c - a +0 hat (worn)
Jewellery
 b - the brooch of Shielding (around neck) {Reflect SH+8}
   (You found it in the Dungeon)

   [amulet of reflection]

   It shields you and reflects attacks.
   It affects your SH (+8).
 G - a +6 ring of dexterity (left hand)
 H - a +6 ring of dexterity
 I - the ring "Doffeh" (right hand) {rPois rF+ rC+ Int-3 Slay+2}
   (You found it in the Dungeon)

   [ring of protection from fire]

   It affects your intelligence (-3).
   It affects your accuracy and damage with ranged weapons and melee attacks
   (+2).
   It protects you from fire.
   It protects you from cold.
   It protects you from poison.
Wands
 C - a wand of disintegration (7/24)
 D - a wand of iceblast (5/15)
 E - a wand of lightning (5/15)
 F - a wand of acid (5/15)
Scrolls
 k - 4 scrolls of blinking
 l - a scroll of brand weapon
 s - 4 scrolls of amnesia
 t - 3 scrolls of recharging
 u - 7 scrolls of fog
 v - a scroll of holy word
 w - 5 scrolls of identify
 x - 5 scrolls of remove curse
 y - 2 scrolls of fear
Potions
 e - 10 potions of curing
 g - 10 potions of heal wounds
 h - 6 potions of haste
 i - 7 potions of magic
 j - 3 potions of berserk rage
 m - 2 potions of brilliance
 n - 2 potions of invisibility
 o - 4 potions of resistance
 q - 4 potions of agility
 r - 5 potions of might
Miscellaneous
 p - a fan of gales
Comestibles
 f - 5 bread rations
 z - 42 fruits
 A - 4 meat rations


   Skills:
 + Level 10.6 Fighting
 * Level 20.6 Maces & Flails
 - Level 3.5 Throwing
 + Level 8.1 Armour
 + Level 8.3 Dodging
 * Level 9.2 Invocations


You had 9 spell levels left.
You didn't know any spells.

Dungeon Overview and Level Annotations

Branches:
Dungeon (1/1)

Altars:
Ashenzari
Cheibriados
Dithmenos
Elyvilon
Fedhas
Gozag
Kikubaaqudgha
Makhleb
Nemelex Xobeh
Okawaru
Pakellas
Qazlal
Ru
Sif Muna
Trog
Vehumet
Xom
Yredelemnul
Zin
The Shining One
Beogh
Jiyva
Lugonu


Innate Abilities, Weirdness & Mutations

You are too large for most types of armour.
You have tough skin (AC +1).


Message History

The deep elf mage is lightly wounded.
The golden flame engulfs the deep elf master archer.
The deep elf master archer writhes in agony!
The deep elf master archer is lightly wounded.
The golden flame engulfs the vampiric short sword.
The vampiric short sword writhes in agony!
The vampiric short sword is heavily damaged.
The golden flame engulfs the hippogriff.
The hippogriff writhes in agony!
The hippogriff is moderately wounded.
You feel somewhat more hungry.
You block the vampiric short sword's attack.
You block the deep elf mage's attack.
The deep elf master archer shoots an arrow.
The arrow hits you!!
* * * LOW HITPOINT WARNING * * *
The deep elf mage hits you but does no damage.
The deep elf master archer shoots an arrow.
The arrow hits you!
You die...

▓.........▓...(...▓
▓▓▓▓▓▓▓▓▓▓▓▓▓▓▓▓▓▓▓▓▓
▓...8©8...▓...8©8...▓
▓..))[:)..▓..)......▓
▓..}}|")..▓....=.:..▓
▓....e....▓.........▓
▓.e.§.....▓.........▓
▓..eee....▓.........▓
▓..e@eH...▓.........▓
▓..§e(....▓.▓.|...▓.▓
▓.▓.....▓.▓...).)...▓
▓......(..▓▓▓▓▓▓▓▓▓▓▓
▓▓▓▓▓▓▓▓▓▓▓


You could see a deep elf blademaster, 2 deep elf master archers, 5 deep elf
magi, a hippogriff and a vampiric short sword.

Vanquished Creatures
  A tentacled starspawn (D)
  An orange demon (D)
  A komodo dragon (D)
  4 merfolk (D)
  3 tarantellas (D)
  A hippogriff (D)
  A neqoxec (D)
  2 hell hounds (D)
  A water moccasin (D)
  A giant frog (D)
  9 scorpions (D)
  3 crimson imps (D)
  A quasit (D)
  2 iron imps (D)
  2 iguanas (D)
  2 sheep (D)
  An adder (D)
  2 river rats (D)
  4 white imps (D)
  3 ufetubi (D)
  An adder skeleton (D)
  An adder zombie (D)
  A bat skeleton (D)
  A jackal (D)
  3 ball pythons (D)
  A giant gecko skeleton (D)
  A jackal zombie (D)
  A starspawn tentacle (D)
55 creatures vanquished.

Vanquished Creatures (others)
  A spatial maelstrom (D)
  3 starspawn tentacles (D)
  3 starspawn tentacle segments (D)
7 creatures vanquished.

Grand Total: 62 creatures vanquished

Notes
Turn   | Place    | Note
--------------------------------------------------------------
     0 | D        | otab the Ogre Gladiator began the quest for the Orb.
     0 | D        | Reached XP level 1. HP: 22/22 MP: 1/1
     1 | D        | Banished a spatial maelstrom
    15 | D        | Found a viscous altar of Jiyva.
    15 | D        | Found a roughly hewn altar of Beogh.
    15 | D        | Found a corrupted altar of Lugonu.
    15 | D        | Found a white marble altar of Elyvilon.
    15 | D        | Found a sparkling altar of Nemelex Xobeh.
    16 | D        | Found a burning altar of Makhleb.
    16 | D        | Found an iron altar of Okawaru.
    16 | D        | Found a deep blue altar of Sif Muna.
    16 | D        | Found a radiant altar of Vehumet.
    16 | D        | Found a bloodstained altar of Trog.
    16 | D        | Found a shimmering altar of Xom.
    32 | D        | Became a worshipper of the Shining One
    60 | D        | Reached skill level 5 in Maces & Flails
    60 | D        | Reached XP level 2. HP: 33/33 MP: 1/4
    64 | D        | Entered arena 1.
    64 | D        | Noticed a scorpion
    64 | D        | Noticed a scorpion
    67 | D        | Killed a scorpion
    67 | D        | Reached skill level 5 in Fighting
    67 | D        | Reached skill level 7 in Maces & Flails
    67 | D        | Reached XP level 3. HP: 34/42 MP: 1/5
    68 | D        | Killed a scorpion
    68 | D        | Reached skill level 9 in Maces & Flails
    68 | D        | Reached skill level 5 in Dodging
    68 | D        | Reached XP level 4. HP: 35/50 MP: 2/6
   159 | D        | Entered arena 2.
   159 | D        | Reached * piety under the Shining One
   159 | D        | Reached ** piety under the Shining One
   167 | D        | Reached XP level 5. HP: 36/57 MP: 7/7
   174 | D        | Got the ring "Ozif" {Int+3 SInv}
   283 | D        | Entered arena 3.
   283 | D        | Reached *** piety under the Shining One
   283 | D        | Noticed a tarantella
   286 | D        | Killed a tarantella
   286 | D        | Reached skill level 11 in Maces & Flails
   286 | D        | Reached XP level 6. HP: 57/68 MP: 8/8
   289 | D        | Reached skill level 12 in Maces & Flails
   293 | D        | Reached skill level 13 in Maces & Flails
   297 | D        | Got the ring "Haitidih" {rPois rC+ Dex-5 SInv}
   416 | D        | Entered arena 4.
   416 | D        | Noticed a hell hound
   416 | D        | Reached **** piety under the Shining One
   420 | D        | Killed a hell hound
   420 | D        | Reached ***** piety under the Shining One
   420 | D        | Reached XP level 7. HP: 72/78 MP: 9/9
   429 | D        | Entered arena 5.
   432 | D        | Reached skill level 14 in Maces & Flails
   446 | D        | Entered arena 6.
   446 | D        | Noticed a tarantella
   446 | D        | Noticed a tarantella
   446 | D        | Reached ****** piety under the Shining One
   449 | D        | Killed a tarantella
   450 | D        | Killed a tarantella
   450 | D        | Reached skill level 15 in Maces & Flails
   450 | D        | Reached skill level 5 in Invocations
   450 | D        | Reached XP level 8. HP: 77/88 MP: 11/11
   462 | D        | Got the amulet of Qotio {+Rage rPois}
   465 | D        | Entered arena 7.
   465 | D        | Noticed a merfolk
   465 | D        | Noticed a merfolk
   465 | D        | Noticed a merfolk
   465 | D        | Noticed a merfolk
   470 | D        | Reached skill level 16 in Maces & Flails
   472 | D        | Killed a merfolk
   472 | D        | Reached skill level 5 in Armour
   476 | D        | Killed a merfolk
   476 | D        | Reached skill level 17 in Maces & Flails
   476 | D        | Reached XP level 9. HP: 47/97 MP: 11/13
   483 | D        | Killed a merfolk
   485 | D        | Killed a merfolk
   737 | D        | Entered arena 8.
   737 | D        | Noticed an orange demon
   737 | D        | Noticed a tentacled starspawn
   744 | D        | Killed a tentacled starspawn
   744 | D        | Reached skill level 10 in Fighting
   744 | D        | Reached skill level 19 in Maces & Flails
   744 | D        | Reached XP level 10. HP: 67/110 MP: 12/16
   756 | D        | Killed an orange demon
   756 | D        | Reached skill level 20 in Maces & Flails
   782 | D        | Got the ring of Xusutinti {Wiz rElec rN+ Int+5}
   926 | D        | Identified a +7 giant spiked club of holy wrath (a +5 giant spiked club blessed by the Shining One)
   926 | D        | Received a gift from the Shining One
   928 | D        | Entered arena 9.
   950 | D        | Got the amulet "Xexineuk" {RegenMP *Confuse rPois Int+5}
   954 | D        | Got the ring "Doffeh" {rPois rF+ rC+ Int-3 Slay+2}
  1000 | D        | Entered arena 10.
  1019 | D        | Got the ring "Tidil" {Fire +Blink Slay+3}
  1022 | D        | Entered arena 11.
  1022 | D        | Noticed a deep elf mage
  1022 | D        | Noticed a deep elf master archer
  1022 | D        | Noticed a deep elf mage
  1022 | D        | Noticed a deep elf mage
  1023 | D        | Noticed a deep elf blademaster
  1023 | D        | Noticed a deep elf master archer
  1024 | D        | Noticed a deep elf mage
  1024 | D        | Noticed a deep elf mage
  1024 | D        | Noticed a vampiric short sword
  1029 | D        | HP: 4/111 [deep elf master archer/arrow (18)]
  1029 | D        | Shot with an arrow by a deep elf master archer

Skill      XL: |  1  2  3  4  5  6  7  8  9 10 |
---------------+-------------------------------+-----
Fighting       | 4 5 6 7 8 10 | 10.6
Maces & Flails | 5 7 9 11 13 15 17 19 20 | 20.6
Throwing       | 3 |  3.5
Armour         | 2 3 4 5 7 8 |  8.1
Dodging        | 3 4 5 6 7 8 |  8.3
Invocations    | 3 5 6 8 9 |  9.2

Action                   |  1- 3 |  4- 6 |  7- 9 | 10-12 || total
-------------------------+-------+-------+-------+-------++-------
Melee: Maul              |     3 |    20 |    36 |    37 ||    96
Invok: Divine Shield     |       |       |     2 |     1 ||     3
       Cleansing Flame   |       |       |       |     1 ||     1
       Brand Weapon With |       |       |       |     1 ||     1
  Use: Potion            |     1 |       |     1 |       ||     2
Armor: Gold dragon armou |     7 |    68 |   102 |   186 ||   363
Dodge: Dodged            |       |    12 |    40 |    85 ||   137
Block: Other             |       |       |    53 |    87 ||   140
       Reflection        |       |       |     2 |     2 ||     4
